[Event "GER-ch Youth-U16 2022"]
[Site "Willingen"]
[Date "2022.06.05"]
[Round "1.1"]
[White "Gluma, Christian"]
[Black "Lutsko, Artem"]
[Result "0-1"]
[ECO "B92"]
[WhiteElo "2012"]
[BlackElo "2392"]
[Annotator "TA"]
[PlyCount "116"]
[EventDate "2022.06.05"]
[EventType "swiss"]
[EventRounds "9"]
[EventCountry "GER"]
[SourceTitle "playchess.com"]
[Source "ChessBase"]
[SourceQuality "1"]
[TimeControl "40/4500+30:900+30"]

1. e4 c5 2. Nf3 d6 3. d4 cxd4 4. Nxd4 Nf6 5. Nc3 a6 6. Be2 e5 7. Nb3 Be7 8. Be3 Be6 9. a4 Nc6 10. O-O O-O 11. Qd2 Rc8 12. Rfd1 {[%emt 0:08:29] B92: Sicilian Najdorf: 6 Be2.} Nb4 13. Rac1 d5 (13... Rxc3 $5 14. Qxc3 Na2 $15) 14. exd5 {[%emt 0:03:07] Black is slightly better.} Nfxd5 15. Nxd5 Bxd5 {[%emt 0:01:18] [#]} (15... Nxd5 $15 16. Qe1 Qe8) 16. Nc5 $146 ({Predecessor:} 16. c4 Bc6 17. Qxd8 Rfxd8 18. Na5 Rxd1+ 19. Bxd1 Nd3 20. Nxc6 bxc6 21. Rb1 Rb8 22. b3 {0-1 (64) Corredor Castellanos,C (1857)-Vargas,M (1987) Bogota 2012}) 16... Na2 {[%emt 0:17:32] [#]} (16... Bxc5 $11 {keeps the balance.} 17. Bxc5 Rxc5 18. Qxb4 Rc7) 17. Ra1 $1 $16 Bxc5 18. Bxc5 ({Stronger than} 18. Qxd5 Qxd5 19. Rxd5 Bxe3 $15) 18... Rxc5 {[%emt 0:00:04] [#]} 19. Bf3 $1 Qb6 20. Bxd5 Nb4 21. Be4 (21. a5 $5 Rxa5 22. Rxa5 Qxa5 23. Bxb7 $16) 21... f5 22. c3 (22. a5 $5 Qc7 23. Qxb4 fxe4 24. Rd2 $14) 22... fxe4 23. cxb4 Rc6 24. Rf1 Qd4 (24... Rd6 {looks sharper.} 25. Qg5 Rdf6 26. Qd2 Qd4) 25. Rad1 Qxd2 26. Rxd2 $11 {[%emt 0:00:06][%mdl 4096] Endgame KRR-KRR} Rc4 27. b5 Rxa4 28. bxa6 bxa6 29. g3 Rd4 30. Rc2 a5 31. Ra1 a4 32. Ra3 Rf3 {[%emt 0:00:11] Against b3} 33. Rcc3 {[%emt 0:01:02] [#]} ({White should play} 33. Kg2 $1 $15) 33... Rb4 {[%emt 0:02:53] Black is more active.} ({Better is} 33... Rd2 $1 34. Rxf3 exf3 35. Rxf3 Rxb2) 34. Rc7 Rxa3 ({Worse is} 34... Rxb2 35. Rxa4 Rbxf2 36. Rxe4 $15) ({Black should try} 34... h5 35. Ra2 Rd4) 35. bxa3 $17 {[%emt 0:00:05] KR-KR} Rb3 36. Ra7 $2 {[%emt 0:00:52][%mdl 8192] Now White is beyond hope.} (36. Rc4 $17 {was the only chance.}) 36... Rxa3 $19 37. Kf1 Ra2 {[%emt 0:00:21] And now ...h5 would win.} 38. Ke1 h5 39. h3 Kh7 40. Ra6 a3 {[%emt 0:00:27] Threatens to win with ...Ra1+.} 41. Kd1 (41. Kf1 $142) 41... Rxf2 {[%emt 0:15:22] ( -> ...a2)} 42. Rxa3 Rf3 43. Ra4 Rxg3 44. Rxe4 Rxh3 {[%emt 0:00:09] Black mates.} 45. Ke2 g5 46. Rxe5 Kg6 47. Kf2 h4 48. Ra5 Rb3 49. Kg2 Re3 50. Rb5 Kh5 51. Rb8 Kg4 52. Rb4+ Kf5 53. Rb5+ Kf4 54. Rb4+ Re4 55. Rb8 Re2+ 56. Kf1 Ra2 57. Rb3 g4 58. Kg1 Re2 {[%emt 0:00:11] Weighted Error Value: White=0.73/Black=0.20 (precise)} 0-1

[Event "GER-ch Youth-U16 2022"]
[Site "Willingen"]
[Date "2022.06.05"]
[Round "1.2"]
[White "Petrovskyi, Vadym"]
[Black "Stork, Christopher"]
[Result "1-0"]
[ECO "B28"]
[WhiteElo "2330"]
[BlackElo "1994"]
[Annotator "TA"]
[PlyCount "63"]
[EventDate "2022.06.05"]
[EventType "swiss"]
[EventRounds "9"]
[EventCountry "GER"]
[SourceTitle "playchess.com"]
[Source "ChessBase"]
[SourceQuality "1"]
[TimeControl "40/4500+30:900+30"]

1. e4 c5 2. Nf3 a6 3. c4 Nc6 4. d4 cxd4 5. Nxd4 e5 6. Nf5 d6 {[%emt 0:00:00] B28: Sicilian: 2 Nf3 a6 (O'Kelly Variation).} (6... d5 {keeps more tension.} 7. cxd5 Bxf5 8. exf5 Nd4) 7. Ne3 g6 8. Nc3 Bh6 {[%emt 0:00:00] White is slightly better.} 9. Nc2 {[%emt 0:00:00] 9.Bd3 gains popularity.} Bxc1 10. Rxc1 Be6 11. Qd2 Nge7 12. Be2 O-O 13. O-O Qd7 {[%emt 0:08:01] [#]} 14. Rfd1 $146 ({Predecessor:} 14. Rcd1 Rad8 15. b3 f5 16. exf5 Nxf5 17. Bd3 Nfd4 18. Be4 Nxc2 19. Qxc2 Nd4 20. Qd3 {½-½ (43) Giri,A (2764)-Artemiev,V (2708) Chess.com INT 2020}) 14... Rfd8 15. Nd5 Bxd5 16. cxd5 Na7 17. Ne3 (17. f4 $142) 17... Kg7 (17... Rf8 $142) 18. Bg4 $16 (18. Ng4 Ng8 $14) 18... Qe8 19. Rc7 $36 {[%emt 0:03:09][%mdl 2048] And now a4 would win. Keeping Black busy. 0x0.001e35dd40e4dp-1022s more active pieces. The black rooks are badly placed.} Rab8 (19... Nb5 $16 20. Rxb7 Rdb8 21. Rxb8 Rxb8) 20. a4 $1 $18 Nac8 21. Rdc1 Ng8 (21... Nb6 {was worth a try.} 22. Qb4 Nxa4) 22. b3 {[%emt 0:02:02][%cal Bb2b3,Bb3b4][%mdl 32] Threatens to win with Be6.} Nce7 (22... Nb6 $16 23. f3 Na8) 23. Bh3 Nf6 24. f3 b5 (24... Qf8 {was necessary.} 25. Qb4 b5) 25. a5 Nd7 $2 {[%emt 0:02:22] [#]} (25... Ra8 {might work better.} 26. Qe1 Kh8) 26. b4 ({Weaker is} 26. Ng4 Ng8 27. b4 Qe7 $18) 26... Rbc8 $2 (26... Nf6 27. Ng4 Nh5) 27. Bxd7 Rxd7 28. Rxc8 Nxc8 29. Ng4 {[%emt 0:00:09] [#] White wants to mate with Qh6+.} f5 30. Qh6+ Kf7 31. Rxc8 Qxc8 32. Qxh7+ {[%emt 0:00:06] Weighted Error Value: White=0.20 (precise) /Black=0.64} 1-0

[Event "GER-ch Youth-U16 2022"]
[Site "Willingen"]
[Date "2022.06.05"]
[Round "1.3"]
[White "Bungarten, Jona"]
[Black "Farokhi, Keyvan"]
[Result "0-1"]
[ECO "B21"]
[WhiteElo "1843"]
[BlackElo "2360"]
[Annotator "TA"]
[PlyCount "44"]
[EventDate "2022.06.05"]
[EventType "swiss"]
[EventRounds "9"]
[EventCountry "GER"]
[SourceTitle "playchess.com"]
[Source "ChessBase"]
[SourceQuality "1"]
[TimeControl "40/4500+30:900+30"]

1. e4 c5 2. d4 cxd4 3. c3 dxc3 4. Nxc3 Nc6 5. Nf3 e6 6. Bc4 Bb4 7. O-O Nge7 $1 {[%emt 0:00:00] 7...Nge7 scores better than 7...Bxc3.} 8. Nb5 {[%emt 0:00:00] B21: Sicilian: 2 f4 and Morra Gambit.} d5 9. exd5 (9. a3 {feels hotter.} Ba5 10. exd5 exd5 11. Bd3) 9... exd5 10. Bxd5 {[%emt 0:00:00] The position is equal.} Nxd5 11. Qxd5 O-O 12. Qh5 Qa5 {[%emt 0:16:51] White must now prevent ...a6.} 13. a3 (13. Ng5 $2 h6 14. Ne4 a6 15. Bxh6 Qxb5 $19) 13... a6 {[%emt 0:06:39] And now ...Be7 would win.} 14. axb4 Qxa1 15. Nc7 {[%emt 0:04:35] [#]} (15. Nc3 $1 $11) 15... Rb8 $1 $17 {[%emt 0:02:33] [#]} 16. Ne5 $146 (16. Bf4 $17 Qxb2 17. Bd6) ({Predecessor:} 16. Ng5 Bf5 17. Nd5 Qa2 18. Ne3 Bg6 19. Qf3 Nxb4 20. h4 h6 21. h5 Bd3 22. Ne4 Bxf1 {0-1 (34) Hng,M (2013)-Li,X (2167) Chess.com INT 2021}) 16... Qb1 (16... Nxb4 $2 {[#]} 17. Bh6 $1 Qxf1+ 18. Kxf1 gxh6 19. Ng4 (19. Qxh6 f6 $16) 19... Bxg4 20. Qxg4+ Kh8 21. Qxb4 $18) 17. Nxa6 {[%emt 0:07:22] Strongly threatening Nxc6.} Ra8 $36 {[%emt 0:05:24][%mdl 2048] Black is really pushing.} ({And not} 17... Bg4 18. Nxg4 bxa6 19. Bf4 Qxb2 20. Bxb8 Rxb8 21. Qg5 $15) 18. Nc7 {[%emt 0:00:28] This costs White the game.} (18. Nxc6 $17 {was worth a try.} bxc6 19. Nc5) 18... Ra1 $19 19. g4 $2 (19. Nxc6 bxc6 20. Qc5) 19... Nxe5 20. Qxe5 Bxg4 {[%emt 0:00:23] aiming for ...Bh3.} 21. Nd5 (21. h4 $142 Qg6 22. h5 Bxh5+ 23. Kh2) 21... Bh3 {[%emt 0:00:38] ( -> ...Qxc1)} 22. Qd6 Bxf1 {[%emt 0:01:01] Weighted Error Value: White=1.44/Black=0.39} (22... Qxc1 $142 23. Ne7+ Kh8 24. Ng6+ hxg6 25. Qxf8+ Kh7 26. Qh8+ Kxh8 27. Rxc1 Rxc1#) 0-1

[Event "GER-ch Youth-U16 2022"]
[Site "Willingen"]
[Date "2022.06.05"]
[Round "1.4"]
[White "Sidletskyi, Ivan"]
[Black "Heinrich, John"]
[Result "1-0"]
[ECO "B47"]
[WhiteElo "2084"]
[BlackElo "2011"]
[Annotator "TA"]
[PlyCount "83"]
[EventDate "2022.06.05"]
[EventType "swiss"]
[EventRounds "9"]
[EventCountry "GER"]
[SourceTitle "playchess.com"]
[Source "ChessBase"]
[SourceQuality "1"]
[TimeControl "40/4500+30:900+30"]

1. e4 c5 2. Nf3 e6 3. d4 cxd4 4. Nxd4 Nc6 5. Nc3 Qc7 6. g3 a6 7. Bg2 Nf6 8. O-O d6 {[%emt 0:00:00] 8...Nxd4 is a critical line.} 9. Be3 Bd7 {[%emt 0:00:00] B80: Sicilian Scheveningen: 6 g3 and 6 Be3, including English Attack.} 10. h3 Rc8 11. f4 b5 {[%emt 0:07:41] [#] The position is equal.} 12. Nb3 $146 ({Predecessor:} 12. a3 h5 13. Nb3 Be7 14. Qd2 Rb8 15. Qe2 b4 16. axb4 Nxb4 17. Ra3 d5 18. e5 {0-1 (35) Paleologu,V (2193)-Tesic,D (2403) Milan 2010}) 12... Be7 13. Qd2 O-O 14. Rad1 b4 15. Ne2 a5 16. c4 (16. g4) (16. g4 $11) 16... bxc3 (16... a4 $17 17. Nbc1 Na5) 17. Nxc3 $11 Qb8 {[%emt 0:04:32] Against Nb5} 18. g4 h6 19. Qf2 Qb4 20. Nc1 (20. g5 $16 hxg5 21. e5 (21. fxg5 Nh7 $11) 21... gxf4 22. exf6 fxe3 23. Qxe3 (23. Qg3 Bxf6 24. Rxf6 d5 $14)) 20... a4 21. Nd3 Qa5 22. a3 Nh7 23. Kh2 Bf6 ({Better is} 23... Be8 $14) 24. Bb6 $16 Qa6 25. e5 $1 dxe5 26. Nc5 (26. Bc5 $18 {has better winning chances.} Rfd8 27. Bb6 (27. fxe5 Nxe5 28. Nb4 Qc4 $15)) 26... Qxb6 27. Nxd7 Qxf2 28. Rxf2 Bh4 29. Rfd2 $36 {[%emt 0:02:53][%mdl 2048] Black is under pressure.} Rfe8 30. Nb6 {[%emt 0:00:39] White is more active.} (30. fxe5 Bg5 $11) (30. Nxe5 $6 Nxe5 31. fxe5 Bg5 $11) 30... exf4 31. Nxc8 Rxc8 32. Ne2 $1 {[%emt 0:02:32] And now Rc2 would win.} e5 {[%emt 0:01:03] [#] This costs Black the game.} (32... Ne5 $11 {and Black is okay.} 33. Nxf4 Bg5) 33. Rc2 $1 $18 Ne7 34. Rxc8+ Nxc8 35. Rd5 Bf6 36. Nc3 {[%emt 0:00:44][%mdl 1024] White has strong compensation.} Nb6 (36... Ng5 $142 37. Ra5 (37. Nxa4 Ne7 $16) 37... Nb6) 37. Rb5 Nc4 38. Rb8+ ({Don't take} 38. Nxa4 $6 Ng5) 38... Nf8 39. Kg1 e4 40. Bxe4 Bd4+ (40... Be5 {was worth a try.} 41. Re8 Bd4+ 42. Kg2 Nxb2) 41. Kg2 Ne3+ 42. Kf3 {Weighted Error Value: White=0.17 (very precise) /Black=0.32} 1-0

[Event "GER-ch Youth-U16 2022"]
[Site "Willingen"]
[Date "2022.06.05"]
[Round "1.5"]
[White "Spriestersbach, Kai"]
[Black "Laux, Dominik"]
[Result "0-1"]
[ECO "B90"]
[WhiteElo "1948"]
[BlackElo "2263"]
[Annotator "TA"]
[PlyCount "62"]
[EventDate "2022.06.05"]
[EventType "swiss"]
[EventRounds "9"]
[EventCountry "GER"]
[SourceTitle "playchess.com"]
[Source "ChessBase"]
[SourceQuality "1"]
[TimeControl "40/4500+30:900+30"]

1. e4 c5 2. Nf3 d6 3. d4 cxd4 4. Nxd4 Nf6 5. Nc3 a6 6. h3 e5 7. Nb3 Be7 {[%emt 0:00:00] B90: Sicilian Najdorf: Unusual White 6th moves, 6 Be3 Ng4 and 6 Be3 e5.} 8. Be3 {[%emt 0:00:00] 8.g4 is the fancy move.} h6 9. Qf3 b5 {[%emt 0:00:00] The position is equal.} 10. O-O-O ({White should try} 10. Bd3 $11) 10... Nbd7 (10... b4 $1 $15 11. Nd5 Nxd5 12. exd5 (12. Rxd5 O-O $15) 12... O-O) 11. g4 Bb7 {[%emt 0:03:03] [#]} ({Black should play} 11... b4 $15 12. Nd5 Nxd5 13. exd5 O-O) 12. Kb1 $146 ({Predecessor:} 12. h4 b4 13. Nd5 Nxd5 14. exd5 Bxh4 15. Qe4 Kf8 16. Qxb4 Rb8 17. Na5 Bc8 18. Qa3 {1-0 (30) Ivanov,O (2429)-Drygalov,A (2485) Moscow 2019}) 12... Rc8 {[%emt 0:02:56][%cal Oc8c3] [#] ...Rxc3! is the strong threat.} 13. Nd5 Nxd5 14. exd5 Nf6 15. Bg2 e4 16. Qg3 Bxd5 17. h4 {[%emt 0:05:02] [#] Strongly threatening g5.} Be6 18. Nd4 Bxg4 19. f3 exf3 20. Bxf3 Qd7 21. Rhg1 (21. h5 $1 $11) 21... h5 $17 22. Bg5 O-O 23. Qf4 Rc4 24. b3 Rc5 25. Bxf6 Bxf6 26. Bxg4 hxg4 27. Rxg4 Re8 28. Nf3 $2 {[%emt 0:05:53][%mdl 8192] White does not recover from this.} (28. Qf3 $17) 28... Rf5 $19 29. Qg3 Re3 30. Rxd6 Rfxf3 31. Qxf3 Re1+ {[%emt 0:00:07] Weighted Error Value: White=0.88/Black=0.17 (very precise)} 0-1

[Event "GER-ch Youth-U16 2022"]
[Site "Willingen"]
[Date "2022.06.05"]
[Round "1.6"]
[White "Hommer, Jeremy"]
[Black "Rempe, Jonas"]
[Result "1-0"]
[ECO "A48"]
[WhiteElo "2152"]
[BlackElo "1856"]
[Annotator "TA"]
[PlyCount "93"]
[EventDate "2022.06.05"]
[EventType "swiss"]
[EventRounds "9"]
[EventCountry "GER"]
[SourceTitle "playchess.com"]
[Source "ChessBase"]
[SourceQuality "1"]
[TimeControl "40/4500+30:900+30"]

1. d4 Nf6 2. Nf3 g6 3. Nbd2 Bg7 4. e4 d6 5. Bd3 O-O 6. O-O Nbd7 7. c3 e5 8. Re1 c6 9. a4 Qc7 10. h3 h6 {[%emt 0:16:21] B07: Pirc Defence: Miscellaneous Systems.} (10... Re8 $11) 11. a5 $14 {[%emt 0:00:00] [#]} Re8 $146 ({Predecessor:} 11... g5 12. Nf1 Rd8 13. Ng3 Nf8 14. Nf5 Ng6 15. Qc2 Bxf5 16. exf5 Nf4 17. dxe5 Nxd3 18. Qxd3 dxe5 {1-0 (40) Arat,U (2385)-Bozkurt,A (1755) Izmir 2018}) 12. dxe5 dxe5 {[%emt 0:12:03] White has an edge.} 13. b4 Nf8 14. Bf1 Be6 15. Nc4 Rad8 16. Qc2 N6h7 ({Better is} 16... N8d7 $14) 17. Be3 $16 Bxc4 18. Bxc4 b5 19. axb6 axb6 20. Ra6 Rb8 21. Rea1 {[%emt 0:07:00] Strongly threatening Ra7. White is much more active. The black rooks are badly placed.} Ne6 22. Qa2 Nhf8 23. Nd2 b5 24. Ra7 Rb7 {[%emt 0:00:32] And now ...Rxa7 would win.} 25. Bf1 Reb8 26. Nb3 Nd7 27. Ra6 c5 (27... Qc8 $16 28. g3 Nf6) 28. bxc5 Ndxc5 29. Nxc5 Nxc5 30. Rxg6 Kh7 31. Rg4 Na4 $2 (31... Ne6 {keeps fighting.} 32. Rg3 Bf6) 32. c4 $18 Nc3 33. Qb3 f5 $2 (33... b4 34. Ra6 Qd7) 34. exf5 (34. Qxc3 fxg4 35. hxg4 bxc4 $11) 34... e4 35. f6 Bxf6 36. Ra6 Qe7 {[%emt 0:01:21] [#]} 37. Qxc3 $3 Rb6 {[%emt 0:01:47] [#]} (37... Rf8 38. Qc2) 38. Rxb6 $1 Rxb6 39. Qc2 ({Weaker is} 39. Bxb6 Bxc3 40. cxb5 h5 $16) 39... Re6 40. cxb5 {[%emt 0:00:12][%cal Bc4b5,Bb5b6,Bb6b7][%mdl 32] Hoping for b6.} h5 {[%emt 0:00:28] [#]} 41. Rxe4 $3 Kg7 (41... Rxe4 42. Bd3) 42. Rxe6 {[%emt 0:00:11] White mates.} Qxe6 43. b6 Be5 44. Qc4 Qf6 45. b7 Qf7 46. Bd4 Qf4 47. Bxe5+ {[%emt 0:00:00] Weighted Error Value: White=0.12 (very precise) /Black=0.48} 1-0

[Event "GER-ch Youth-U16 2022"]
[Site "Willingen"]
[Date "2022.06.05"]
[Round "1.7"]
[White "Tovmasyan, Minas"]
[Black "Bakiev, Diyor"]
[Result "0-1"]
[ECO "A79"]
[WhiteElo "1933"]
[BlackElo "2157"]
[Annotator "TA"]
[PlyCount "118"]
[EventDate "2022.06.05"]
[EventType "swiss"]
[EventRounds "9"]
[EventCountry "GER"]
[SourceTitle "playchess.com"]
[Source "ChessBase"]
[SourceQuality "1"]
[TimeControl "40/4500+30:900+30"]

1. d4 Nf6 2. c4 c5 3. d5 e6 4. Nc3 exd5 5. cxd5 d6 6. Nf3 g6 7. Nd2 Bg7 8. e4 O-O 9. Be2 Re8 10. O-O Na6 11. f3 Nc7 12. a4 b6 13. Nc4 Ba6 14. Bf4 {[%emt 0:00:00] A79: Modern Benoni: Classical: 9...Re8 10 Nd2 Na6 11 f3.} (14. Bg5 $14 {deserves consideration.}) 14... Bxc4 (14... Nh5 $5 15. Be3 f5 $11) 15. Bxc4 a6 16. Qd2 {[%emt 0:15:22] White is slightly better.} Qd7 {[%emt 0:05:58] [#]} 17. Rfe1 $146 ({Predecessor:} 17. Qd3 Nh5 18. Bd2 Bd4+ 19. Kh1 Qe7 20. Rae1 Qh4 21. f4 Bf2 22. Rxf2 Qxf2 23. g3 Nf6 24. h3 Nh5 25. Rg1 b5 {0-1 (25) Jean,O-Schacht,H (2220) Hamburg 1982}) 17... b5 18. Bf1 b4 19. Nd1 Nh5 20. Be3 Qe7 (20... f5 $11) 21. Bf2 $16 Qf6 22. Rb1 b3 (22... Rad8 $16) 23. Ne3 $1 $18 Rab8 24. Nc4 Rb4 25. Be3 Rxa4 26. Bg5 (26. e5 $1 $18 Rxe5 27. Nxe5 Qxe5 28. Bxc5 $1 ) 26... Qd4+ $14 27. Be3 (27. Qxd4 $1 $14 Bxd4+ 28. Kh1) 27... Qxd2 (27... Qf6 $1 $11) 28. Bxd2 $16 Bd4+ 29. Be3 Rd8 (29... Bxe3+ $1 $14 30. Rxe3 Nb5) 30. Bxd4 cxd4 31. Ra1 Rxa1 32. Rxa1 f5 33. exf5 gxf5 34. Bd3 ({White should play} 34. Na5 $16) 34... Nxd5 $11 35. Bxf5 {[%emt 0:00:29] Be6+ is the strong threat.} Nb4 36. Ra4 d5 (36... Rb8 $11) 37. Nd2 (37. Rxb4 $16 dxc4 38. Rxc4) 37... Rb8 $1 (37... Ng7 38. Bxh7+ (38. Rxb4 Nxf5 39. Rxb3 a5 $11) 38... Kxh7 39. Rxb4 $16) 38. Nxb3 d3 39. Nd2 Ng7 40. Bd7 Nc2 41. b3 Nb4 42. g4 (42. Kf2 $11 {keeps the balance.}) 42... Kf7 $17 43. Kf2 Ke7 44. Bc8 (44. Bf5 $17 {was worth a try.} Nxf5 45. gxf5) 44... Kd6 (44... a5 $1 $19 45. Bf5 Nxf5 46. gxf5 Re8 47. Rxa5 Kd6) 45. g5 $2 Kc5 $2 (45... Rxc8 $19 {has better winning chances.} 46. Rxb4 Re8) 46. Bg4 Re8 (46... Ne8 $1 $17) 47. f4 $11 Ne6 48. Kg3 Nd4 49. Ra1 $2 (49. f5 $14 {keeps the upper hand.}) 49... Nbc2 (49... Ne2+ $19 50. Kf3 Nc3) 50. Ra5+ $1 $15 (50. Rxa6 Re2 $1 51. Ra5+ Kb4 52. Ra4+ Kc3 $17) 50... Kb4 51. Rxd5 Kc3 52. Nf1 (52. Nb1+ $11 Kxb3 53. f5) 52... Ne2+ {[%emt 0:01:39][%mdl 64] Deflection. Pair of Knights!} (52... Nxb3 53. Rd7 $11) 53. Kf2 Nxf4 54. Rc5+ Kb2 {[%cal Oe8e2] 0x0.000bd5f56fd8dp-1022s more active pieces.} 55. Bf5 ({White should try} 55. h4) 55... Kc1 $2 {[%emt 0:02:09][%mdl 8192] [#]} (55... Kxb3 $6 56. Nd2+ Kb2 57. Nc4+ Kc3 58. Nd6+ Kb4 59. Rc4+ Kb3 60. Rxf4 $11) (55... Rf8 $17 {stays on course. Threatens to win with ...Ne6.} 56. Bxh7 Nd4) 56. Kf3 $4 {[%emt 0:01:01][%mdl 8192] [#]} (56. Bxh7 Ne6 57. Rc6 Rf8+ 58. Kg2 Nf4+ 59. Kf3 Ne6+ 60. Kg3 Nxg5 61. Bxd3 Rf3+ 62. Kh4 Rxd3 $14) (56. Rc4 $1 $18 {[%cal Rc4f4] is the narrow road to win.}) 56... Re1 $2 ({Better is} 56... Ne6 $1 $19 57. Bxe6 Rxe6) 57. Kf2 $1 $11 {[%emt 0:00:27] Hoping for Rc4.} Kd1 (57... Kb2 $15) 58. Rxc2 $2 Rxf1+ $19 ({Stronger than} 58... dxc2 59. Bxc2+ Kxc2 60. Kxe1 $17) 59. Kxf1 dxc2 {[%emt 0:00:04] A wild game.  Weighted Error Value: White=0.53/Black=0.53} 0-1

[Event "GER-ch Youth-U16 2022"]
[Site "Willingen"]
[Date "2022.06.05"]
[Round "1.8"]
[White "Trushko, Andrii"]
[Black "Guo, Philipp Ziming"]
[Result "1-0"]
[ECO "A45"]
[WhiteElo "1897"]
[BlackElo "1825"]
[Annotator "NA RC COMBH"]
[PlyCount "65"]
[EventDate "2022.06.05"]
[EventType "swiss"]
[EventRounds "9"]
[EventCountry "GER"]
[SourceTitle "playchess.com"]
[Source "ChessBase"]
[SourceQuality "1"]
[TimeControl "40/4500+30:900+30"]

1. d4 Nf6 2. Bg5 d5 3. e3 c5 4. Bxf6 gxf6 5. dxc5 Nc6 6. a3 a5 7. Bb5 e6 $1 8. c4 dxc4 9. Qa4 Bd7 10. Nc3 Bxc5 11. O-O-O Qc7 12. Qxc4 Ne5 13. Bxd7+ Nxd7 14. Kb1 Ne5 15. Qf4 Be7 16. Nf3 Rc8 17. Nxe5 Qxe5 18. Qa4+ $14 Rc6 19. Nb5 O-O 20. Rd7 Rb6 21. Qg4+ Kh8 22. a4 f5 23. Qd4 Bf6 24. Qxe5 Bxe5 25. f4 Bf6 26. Rc1 e5 27. Rcc7 exf4 28. exf4 Kg8 29. Rxb7 Re6 30. Nd6 Re1+ 31. Ka2 Re2 32. Nxf7 Rxg2 33. Nh6+ 1-0

[Event "GER-ch Youth-U16 2022"]
[Site "Willingen"]
[Date "2022.06.05"]
[Round "1.9"]
[White "Kort, Felix"]
[Black "Foerster-Yialamas, Lucas"]
[Result "0-1"]
[ECO "A50"]
[WhiteElo "1894"]
[BlackElo "2117"]
[Annotator "TA"]
[PlyCount "62"]
[EventDate "2022.06.05"]
[EventType "swiss"]
[EventRounds "9"]
[EventCountry "GER"]
[SourceTitle "playchess.com"]
[Source "ChessBase"]
[SourceQuality "1"]
[TimeControl "40/4500+30:900+30"]

1. d4 Nf6 2. c4 g6 3. f3 e6 4. e4 d5 5. Nc3 dxe4 6. fxe4 {[%emt 0:00:00] E60: King's Indian: Unusual lines and Fianchetto Variation without Nc3.} c5 7. d5 Bg7 8. Nf3 {[%emt 0:02:27] The position is equal.} O-O 9. Be2 exd5 10. exd5 Bg4 11. O-O Nbd7 12. Bg5 {[%emt 0:06:56] [#]} Qb6 $146 ({Predecessor:} 12... h6 13. Bh4 g5 14. Bg3 Re8 15. h3 Bh5 16. Qb3 g4 17. Nd2 gxh3 18. Bxh5 Nxh5 {½-½ (44) Nizamov,B (2055)-Ovchinnikov,V (2248) Kazan 2015}) 13. Qd2 Rfe8 14. Bd3 Bxf3 15. Rxf3 (15. gxf3 $11 Nh5 16. Kh1) 15... Ne5 16. Rh3 (16. Rg3 $15 {was preferrable.}) 16... Nxd3 $17 17. Rxd3 Ng4 {[%emt 0:00:42] Threatens to win with ...Bd4+.} 18. Rf1 (18. Kh1 $17) 18... Ne5 $1 $19 (18... Qd6 $6 19. Bf4 Qd7 20. b3 $11) 19. Rh3 Nxc4 ({Don't play} 19... f6 20. Bh6 Nxc4 21. Qf4 Bxh6 22. Qxh6 $14) 20. Qf4 Bd4+ 21. Kh1 f5 22. Qh4 h5 {[%emt 0:00:52] Active counter play!} 23. Be7 {[%emt 0:01:42] [#]} Ne3 $2 ({Inferior is} 23... Qxb2 24. d6 $11) ({Black should play} 23... Qa6 $1 $19 24. Qg5 Bxc3 25. Rxc3 {[#]} Nd2 $1 ) 24. d6 $2 Nxf1 25. Qg5 Kf7 26. Nd5 Qxb2 {[%emt 0:00:30] Black mates.} 27. d7 {[%emt 0:00:30] [#]} Ng3+ $1 28. hxg3 Qb1+ 29. Kh2 Bg1+ 30. Kh1 Be3+ 31. Kh2 Qg1# {[%emt 0:00:11] Weighted Error Value: White=0.64/Black=0.09 (flawless)} 0-1

[Event "GER-ch Youth-U16 2022"]
[Site "Willingen"]
[Date "2022.06.05"]
[Round "1.10"]
[White "Bui, Bao Anh Le"]
[Black "Hecht, Jonas Christian"]
[Result "1-0"]
[ECO "B47"]
[WhiteElo "2127"]
[BlackElo "1884"]
[Annotator "TA"]
[PlyCount "69"]
[EventDate "2022.06.05"]
[EventType "swiss"]
[EventRounds "9"]
[EventCountry "GER"]
[SourceTitle "playchess.com"]
[Source "ChessBase"]
[SourceQuality "1"]
[TimeControl "40/4500+30:900+30"]

1. e4 c5 2. Nf3 e6 3. d4 cxd4 4. Nxd4 Nc6 5. Nc3 Qc7 6. Qd3 {[%emt 0:00:00] B47: Sicilian: Taimanov: 5 Nc3 Qc7 6 f4, 6 g3 and 6 Be2.} a6 7. Nxc6 bxc6 8. Qg3 {[%emt 0:00:00] White is slightly better.} Qxg3 9. hxg3 (9. fxg3 d5 $11) 9... e5 {[%emt 0:01:03] Inhibits Bf4.} 10. f4 {[%emt 0:20:21] [#]} Bb4 $146 (10... Bd6 $14) ({Predecessor:} 10... d6 11. b3 Nf6 12. Ba3 Bb7 13. O-O-O Rd8 14. Be2 Be7 15. Bf3 c5 16. Rhe1 O-O {1-0 (71) Priyadharshan,K (2407)-Charbonneau,P (2517) Saint Louis 2012}) 11. fxe5 $16 Ne7 12. Bd2 Ng6 13. Rh5 O-O 14. a3 Be7 15. Bf4 Bd8 16. Bc4 Bb6 17. Na4 Ba7 18. Kd2 {[%emt 0:04:52] White is more active.} Bb7 19. Ke2 Rae8 20. Rah1 h6 21. Rd1 $36 {[%emt 0:02:33][%mdl 2048] Inhibits d5. White is pushing.} Bc8 {[%emt 0:01:00][%cal Od7d5] And now ...d5! would win.} 22. Rd6 {[%emt 0:01:42] Prevents d5.} Nxf4+ (22... Kh7 $14) 23. gxf4 Bb8 {[%emt 0:00:06] [#]} 24. Nc5 $1 Bxd6 25. exd6 g5 (25... Kh7 {might work better.} 26. b4 g5) 26. g3 (26. Rxh6 gxf4 27. Rh5 Kg7 $16) ({Weaker is} 26. fxg5 Re5 27. b4 (27. Nxa6 Rxe4+ 28. Kd3 Rxc4 $17) 27... Rxg5 28. Rxg5+ (28. Rxh6 Rxg2+ 29. Kd3 Rg3+ 30. Kd4 Rxa3 $11) 28... hxg5 $14) 26... gxf4 (26... Kh7 $142 27. e5 (27. fxg5 Kg6 $14) 27... Kg7) 27. gxf4 $18 Kg7 28. Kf3 Kg6 29. Rh1 Kg7 30. e5 Kg6 $2 (30... f5 31. e6 dxe6) 31. Rg1+ Kh7 32. Ne4 f6 33. Nxf6+ Rxf6 34. exf6 {[%emt 0:00:04] [#] White threatens Rg7+ and mate.} Rf8 35. f7 {[%emt 0:00:14] Weighted Error Value: White=0.08 (flawless) /Black=0.82} 1-0